 Dungeon Crawl Stone Soup version 0.27-a0-1416-g941b2bd30b (webtiles) character file.

Game seed: 12373656733352879998

552 HoaS the Twirler (level 7, -11/52 HPs)
             Began as a Formicid Fighter on July 1, 2021.
             Splashed by Ijyb's acid (16 damage)
             ... on level 4 of the Dungeon.
             The game lasted 00:11:12 (3921 turns).

HoaS the Twirler (Formicid Fighter)                 Turns: 3921, Time: 00:11:13

Health: -11/52     AC: 20    Str: 21    XL:     7   Next: 55%
Magic:  16/16      EV:  5    Int:  8    God:
Gold:   97         SH: 10    Dex: 14    Spells: 6/6 levels left

rFire    . . .     SeeInvis +   a - +1 quarterstaff
rCold    . . .     Faith    .   c - +0 kite shield
rNeg     . . .     Spirit   .   f - +7 plate armour of Wonderful Surprise {MP+9 Dex+3}
rPois    .         Reflect  .   (helmet unavailable)
rElec    .         Harm     .   h - +1 cloak
rCorr    .         Rampage  .   (no gloves)
Will     .....                  (no boots)
Stlth    ..........             (no amulet)
HPRegen  0.17/turn              (no ring)
MPRegen  0.15/turn              (no ring)

@: no status effects
A: permanent stasis, dig shafts and tunnels, antennae 3, four strong arms
a: Dig, Shaft Self


You were on level 4 of the Dungeon.
You visited 1 branch of the dungeon, and saw 4 of its levels.

You collected 97 gold pieces.

Inventory:

Hand Weapons
 a - a +1 quarterstaff (weapon)
Armour
 c - a +0 kite shield (worn)
 f - the +7 plate armour of Wonderful Surprise (worn) {MP+9 Dex+3}
   (You acquired it on level 2 of the Dungeon)

   Dex:       It affects your dexterity (+3).
   MP:        It affects your magic capacity (+9).
 h - a +1 cloak (worn)
Potions
 b - a potion of curing
 d - a potion of might
 g - a potion of mutation
 i - a potion of ambrosia {unknown}


   Skills:
 - Level 3.2 Fighting
 * Level 6.5 Staves
 - Level 3.2 Armour
 + Level 6.3 Shields


You had 6 spell levels left.
You didn't know any spells.
Your spell library contained the following spells:

 Spells                   Type           Power      Damage    Failure   Level
 Static Discharge         Conj/Air       0%         N/A       100%        2
 Lesser Beckoning         Tloc           0%         N/A       100%        3
 Lightning Bolt           Conj/Air       0%         1d11      100%        5
 Manifold Assault         Tloc           0%         N/A       100%        5
 Chain Lightning          Conj/Air       0%         N/A       100%        9
 Blink                    Tloc           Unusable   N/A       N/A         2

Dungeon Overview and Level Annotations

Branches:
Dungeon (4/15)
 Temple: D:4-7

Altars:
Zin

Annotations:
D:4 1 transporter, Ijyb; sanka's ghost, amateur HuTm


Innate Abilities, Weirdness & Mutations

You cannot be hasted, slowed, berserked, paralysed or teleported.
You can dig through walls and to a lower floor.
You have a pair of large antennae on your head. (SInv)
Your four strong arms can wield two-handed weapons with a shield.


Message History

Okay, then.
Okay, then.
Unknown command.
Unknown command.
Unknown command.
Okay, then.
Non-targeted abil: Dig
Press: ? - help, Q - select action, (/) - cycle Dir - look around, f - activate
Okay, then.
Unknown command.
Unknown command.
There are no items here.
Found a scroll of identify.
Found 11 gold pieces.
Your shield and plate armour of Wonderful Surprise prevent you from hitting Ijyb.
Ijyb hits you but does no damage.
Your shield prevents you from hitting Ijyb.
Ijyb hits you but does no damage.
You hit Ijyb but do no damage. You block Ijyb's attack.
You closely miss Ijyb. Ijyb hits you with a +0 club.
You barely miss Ijyb. Ijyb hits you but does no damage.
You thump Ijyb!
Ijyb is heavily wounded.
You block Ijyb's attack.
Your shield prevents you from hitting Ijyb.
Ijyb is heavily wounded.
Ijyb hits you but does no damage.
You closely miss Ijyb.
Ijyb is heavily wounded.
You block Ijyb's attack.
You closely miss Ijyb.
Ijyb is heavily wounded.
Ijyb zaps a wand.
The bolt of acid hits you!
You are splashed with acid!
* * * LOW HITPOINT WARNING * * *
You hit Ijyb.
Ijyb is severely wounded.
Ijyb zaps a wand.
The bolt of acid hits you.
* * * LOW HITPOINT WARNING * * *
You are splashed with acid!
You die...

=................. ...........
.............#... $. ........ ..
............###.. .###......#...
............# #.##..#.......#..#
............###....##.......#..##
.............##...###.......#....
#.......###......................
###.....# #..............<.......
#....## #.....@...............#
#..... #......g.............##
... #...................##
.....................##
?##....................#
#..#...............$.##
...##................# ##
#.........##....## ..... #...##


You could see Ijyb.

Vanquished Creatures
  An ogre (D:4)
  Crazy Yiuf (D:2)
  3 orc priests
  A hound (D:4)
  Jessica (D:2)
  An iguana (D:3)
  An orc wizard (D:3)
  Robin (D:2)
  8 gnolls
  7 adders
  2 worms (D:2)
  4 dart slugs
  3 orcs
  10 ball pythons
  5 bats
  4 endoplasms
  3 giant cockroaches
  12 goblins
  7 hobgoblins
  6 jackals
  6 kobolds
  3 quokkas
  A ball python zombie (D:3)
  4 frilled lizards
  3 rats
98 creatures vanquished.

Vanquished Creatures (others)
  3 plants (D:2)
3 creatures vanquished.

Grand Total: 101 creatures vanquished

Notes
Turn   | Place    | Note
-------+----------+-------------------------------------------
     0 | D:1      | HoaS the Formicid Fighter began the quest for the Orb.
     0 | D:1      | Reached XP level 1. HP: 18/18 MP: 1/1
   292 | D:1      | Reached XP level 2. HP: 24/24 MP: 2/2
   515 | D:1      | Reached XP level 3. HP: 27/29 MP: 3/3
   933 | D:2      | Identified a scroll of acquirement
   933 | D:2      | Acquired the +7 plate armour of Wonderful Surprise {MP+9
                  | Dex+3}
  1094 | D:2      | Noticed a golden eye
  1098 | D:2      | Found a faded altar of an unknown god.
  1104 | D:2      | Noticed a shining eye
  1104 | D:2      | Noticed an eye of devastation
  1104 | D:2      | Noticed a great orb of eyes
  1112 | D:2      | Reached XP level 4. HP: 35/35 MP: 4/4
  1119 | D:2      | Found a glowing silver altar of Zin.
  1470 | D:2      | Reached XP level 5. HP: 41/41 MP: 5/5
  1475 | D:2      | Noticed Jessica
  1485 | D:2      | Killed Jessica
  1502 | D:2      | Noticed Robin
  1508 | D:2      | Killed Robin
  1624 | D:2      | Found a runed translucent door.
  1625 | D:2      | Noticed Crazy Yiuf
  1710 | D:2      | Reached skill level 5 in Shields
  2206 | D:2      | Killed Crazy Yiuf
  2207 | D:2      | Reached XP level 6. HP: 10/47 MP: 6/6
  2527 | D:2      | Reached skill level 5 in Staves
  3594 | D:3      | Reached XP level 7. HP: 52/52 MP: 7/7
  3720 | D:4      | Noticed Ijyb
  3786 | D:4      | Found a transporter.
  3786 | D:4      | Noticed sanka's ghost (amateur HuTm)
  3921 | D:4      | Splashed by Ijyb's acid

Illustrated notes

Levels and vault maps discovered:
D:1:      wheals_arrival_shading, layout_basic
D:2:      layout_loops_corners, basic_altar,
          hellmonk_ecumenical_altar_watching_god,
          chequers_serial_rivers_small_a, serial_bayou_crossing, uniq_robin,
          uniq_crazy_yiuf_cottage, uniq_jessica
D:3:      layout_loops_ring, minmay_diced_spiral
D:4:      layout_cave_pools, minmay_temple_entry_large_hall,
          gammafunk_ghost_mausoleum, enter_ossuary_5, uniq_ijyb

Skill      XL: |  1  2  3  4  5  6  7 |
---------------+----------------------+-----
Shields        | 4 5 6 |  6.3
Staves         | 3 4 5 6 |  6.5
Fighting       | |  3.2
Armour         | |  3.2

Action                   |  1- 3 |  4- 6 |  7- 9 || total
-------------------------+-------+-------+-------++-------
Melee: Quarterstaff      |    85 |   218 |    48 ||   351
Throw: Boomerang         |       |     5 |     1 ||     6
 Abil: Dig               |       |     4 |       ||     4
  Use: Scroll            |     4 |     3 |       ||     7
Armor: Scale mail        |    22 |       |       ||    22
       Plate armour      |     4 |   104 |    28 ||   136
Dodge: Dodged            |    17 |    29 |     7 ||    53
Block: Kite shield       |    37 |   104 |    23 ||   164

Table legend: (Time is in decaauts)
 A = Elapsed time spent in this place.
 B = Non-inter-level travel time spent in this place.
 C = Inter-level travel time spent in this place.
 D = Time resting spent in this place.
 E = Time spent auto-exploring this place.
 F = Levels seen in this place.
 G = Mean time per level.
                   A        B        C        D        E       F      G
               +--------+--------+--------+--------+--------+-----+--------+
         Total |   4025 |   3942 |     83 |   1051 |   1920 |   4 | 1006.2 |
       Dungeon |   4025 |   3942 |     83 |   1051 |   1920 |   4 | 1006.2 |
               +--------+--------+--------+--------+--------+-----+--------+

Top non-repeatable levels by time:
     D:2: 1988 daAuts
     D:3: 1001 daAuts
     D:1: 944 daAuts
     D:4: 90 daAuts
